 Dungeon Crawl Stone Soup version 0.18.1-8-gdd0e5ea (webtiles) character file.

4848 matakusis the Thaumaturge (level 10, -19/50 HPs)
             Began as a Deep Elf Wizard on June 11, 2016.
             Was a High Priest of Sif Muna.
             Killed from afar by an ice dragon (24 damage)
             ... with a blast of cold
             ... in an ice cave.
             The game lasted 01:45:52 (12492 turns).

matakusis the Thaumaturge (Deep Elf Wizard)        Turns: 12492, Time: 01:45:53

Health: -19/50     AC:  5    Str:  4    XL:     10   Next: 25%
Magic:  8/29       EV: 15    Int: 30    God:    Sif Muna [*****.]
Gold:   699        SH:  0    Dex: 16    Spells: 9 memorised, 11 levels left

rFire  . . .     SeeInvis .     q - +1 dagger (venom)
rCold  . . .     Gourm    .     a - +0 robe
rNeg   . . .     Faith    .     (no shield)
rPois  +         Spirit   .     b - +0 hat
rElec  .         Dismiss  .     (no cloak)
rCorr  .         Reflect  .     t - +2 pair of gloves {Dex+3}
SustAt .         Harm     .     (no boots)
MR     +....                    (no amulet)
Stlth  ++........               P - ring of poison resistance
                                m - +3 ring of intelligence

@: repel missiles, somewhat resistant to hostile enchantments, unstealthy
A: no striking features
a: Channel Energy, Forget Spell, Renounce Religion


You were in an ice cave.
You worshipped Sif Muna.
Sif Muna was extremely pleased with you.
You were very hungry.

You visited 3 branches of the dungeon, and saw 13 of its levels.
You also visited: Ice Cave.

You collected 699 gold pieces.

Inventory:

Hand Weapons
 q - a +1 dagger of venom (weapon)
 L - a +2 dagger of distortion
Missiles
 k - 392 stones
 y - 2 throwing nets (quivered)
Armour
 a - a +0 robe (worn)
 b - a +0 hat (worn)
 t - a +2 pair of gloves of dexterity (worn)
Jewellery
 g - an uncursed ring of positive energy
 m - a +3 ring of intelligence (left hand)
 H - an uncursed ring of fire
 J - an uncursed ring of see invisible
 P - a ring of poison resistance (right hand)
Wands
 n - a wand of teleportation (9/9)
 K - a wand of confusion (39/48)
 N - a wand of digging (14/24)
 O - a wand of confusion (21/48)
 R - a wand of confusion (28/48)
 T - a wand of confusion (21/48)
Scrolls
 f - 2 scrolls of identify
 l - 4 scrolls of magic mapping
 p - 4 scrolls of fear
 u - 2 scrolls of teleportation
 z - a scroll of enchant armour
 A - a scroll of enchant weapon {unknown}
 G - 2 scrolls of remove curse
 Q - a scroll of blinking
 S - a scroll of brand weapon {unknown}
 U - a scroll of immolation {unknown}
Potions
 e - 2 potions of agility
 h - 3 potions of heal wounds
 i - 11 potions of curing
 j - a potion of haste
 r - 2 potions of flight
 v - 2 potions of ambrosia
 B - a potion of brilliance
 D - a potion of resistance
 I - a potion of berserk rage
Books
 c - a book of Minor Magic

   Spells                             Type                      Level
   a - Magic Dart                     Conjuration                  1
   b - Blink                          Translocation                2
   c - Call Imp                       Summoning                    2
   d - Repel Missiles                 Charms/Air                   2
   e - Slow                           Hexes                        2
   f - Conjure Flame                  Conjuration/Fire             3
   g - Mephitic Cloud                 Conjuration/Poison/Air       3
 s - a book of Annihilations

   Spells                             Type                      Level
   a - Poison Arrow                   Conjuration/Poison           6
   b - Chain Lightning                Conjuration/Air              8
   c - Lehudib's Crystal Spear        Conjuration/Earth            8
   d - Glaciate                       Conjuration/Ice              9
   e - Fire Storm                     Conjuration/Fire             9
 E - a book of Air

   Spells                             Type                      Level
   a - Shock                          Conjuration/Air              1
   b - Swiftness                      Charms/Air                   2
   c - Repel Missiles                 Charms/Air                   2
   d - Static Discharge               Conjuration/Air              3
   e - Lightning Bolt                 Conjuration/Air              5
 F - a book of Callings

   Spells                             Type                      Level
   a - Summon Small Mammal            Summoning                    1
   b - Call Imp                       Summoning                    2
   c - Call Canine Familiar           Summoning                    3
   d - Summon Guardian Golem          Hexes/Summoning              3
   e - Summon Lightning Spire         Summoning/Air                4
   f - Summon Ice Beast               Ice/Summoning                4
Miscellaneous
 M - a stone of tremors
Comestibles
 d - 10 bread rations
 o - 4 meat rations
 w - 10 beef jerkies
 x - 3 slices of pizza


   Skills:
 + Level 4.8 Dodging
 - Level 2.4 Stealth
 + Level 13.4 Spellcasting
 * Level 7.2 Conjurations
 + Level 9.1 Summonings
 - Level 1.1 Translocations
 - Level 0.6 Air Magic


You had 11 spell levels left.
You knew the following spells:

 Your Spells              Type           Power        Failure   Level  Hunger
a - Magic Dart            Conj           ####         1%          1    None
c - Blink                 Tloc           N/A          2%          2    None
d - Mephitic Cloud        Conj/Pois/Air  #####...     2%          3    None
e - Conjure Flame         Conj/Fire      #####...     1%          3    None
f - Repel Missiles        Chrm/Air       ###...       3%          2    None
g - Summon Lightning Spi  Summ/Air       #####...     3%          4    None
h - Summon Ice Beast      Ice/Summ       #####...     4%          4    None
i - Summon Guardian Gole  Hex/Summ       #####...     1%          3    None
j - Slow                  Hex            ###.....     4%          2    None


Dungeon Overview and Level Annotations

Branches:
Dungeon (10/15)            Temple (1/1) D:4             Orc (2/2) D:10
    Elf (0/3) Orc:2
   Lair: D:8-11

Altars:
Ashenzari
Cheibriados
Dithmenos
Elyvilon
Fedhas
Gozag
Kikubaaqudgha
Makhleb
Nemelex Xobeh
Okawaru
Pakellas
Qazlal
Ru
Sif Muna
Trog
Vehumet
Xom
Yredelemnul
Zin
The Shining One

Annotations:
IceCv exclusion: 2 ice statues


Message History

Your lightning spire shoots out a bolt of lightning at the ice dragon!
The bolt of electricity hits the ice dragon.
The ice dragon bites your lightning spire but does no damage.
The ice dragon barely misses your lightning spire.
The ice dragon tramples your lightning spire.
Your magical contamination has completely faded away.
You start resting.
Casting: Blink
Confirm with . or Enter, or press ? or * to list all spells.
Aiming: Summon Lightning Spire
Press: ? - help, Dir - move target cursor An electric hum fills the air.
The ice dragon breathes frost at you. The blast of cold hits you!
* * * LOW HITPOINT WARNING * * *
Your lightning spire shoots out a bolt of lightning at the ice dragon!
The bolt of electricity hits the ice dragon. x2
The ice dragon breathes frost at you. The blast of cold hits you!
You die...

#................#
##..............##
###...........##
###........##
###....### ##..###
###..##
######...##
##..@...###
##8...#### ###
##..####
##.###..##
#....#D## #.##...#
###§.##### .
##.##D..#
..#.DY§8.##


You could see an ice dragon and a friendly lightning spire.

Vanquished Creatures
  3 centaurs
  An ogre (D:3)
  A giant frog (D:7)
  A water moccasin skeleton (D:4)
  2 crimson imps
  2 orc priests
  9 orc wizards
  A worker ant (D:8)
  A hound zombie (D:5)
  A hound skeleton (D:4)
  A gnoll (D:5)
  An adder (D:5)
  2 oozes
  An adder zombie (D:6)
  2 worms
  2 giant geckos
  12 orcs
  2 giant cockroaches
  2 goblins
  4 hobgoblins
  4 jackals
  2 quokkas (D:7)
  A ball python (D:3)
  6 bats
  5 giant newts
  8 kobolds
  A quokka skeleton (D:9)
  11 rats
89 creatures vanquished.

Vanquished Creatures (collateral kills)
  4 hill giants (D:10)
  Psyche (D:9)
  A troll (D:10)
  A wyvern (D:9)
  The ghost of junkhipster the Ducker, an amateur DsGl of Xom (D:3)
  2 hippogriffs
  17 ice beasts
  5 orc warriors
  2 black bears
  A phantom (D:10)
  An eye of draining (D:10)
  3 ogres
  2 centaurs
  A big kobold (D:9)
  5 giant frogs
  A wyvern skeleton (D:9)
  2 scorpions
  A howler monkey (D:4)
  2 crimson imps
  A giant frog zombie (D:10)
  2 quasits
  3 hounds
  8 orc priests
  2 giant frog skeletons (D:6)
  2 centaur skeletons
  Jessica (D:3)
  9 worker ants
  Terence (D:2)
  6 orc wizards
  An iguana (D:7)
  2 hound skeletons
  2 worker ant zombies
  8 adders
  A howler monkey skeleton (D:7)
  A shadow imp (D:8)
  2 adder skeletons
  A worm (D:2)
  A dart slug (D:2)
  2 giant geckos
  21 orcs
  2 hobgoblins
  7 jackals
  4 kobolds
  2 giant newts (D:2)
  2 goblins (D:3)
  A quokka skeleton (D:4)
  A quokka zombie (D:8)
149 creatures vanquished.

Vanquished Creatures (others)
  An orc wizard (D:5)
1 creature vanquished.

Grand Total: 239 creatures vanquished

Notes
Turn   | Place    | Note
--------------------------------------------------------------
     0 | D:1      | matakusis the Deep Elf Wizard began the quest for the Orb.
     0 | D:1      | Reached XP level 1. HP: 10/10 MP: 7/7
   462 | D:1      | Reached XP level 2. HP: 15/15 MP: 3/9
   466 | D:1      | Learned a level 2 spell: Call Imp
   469 | D:1      | Learned a level 2 spell: Blink
   522 | D:1      | Found a sparkling altar of Nemelex Xobeh.
   581 | D:2      | Reached skill level 5 in Spellcasting
   998 | D:2      | Found an iron altar of Okawaru.
  1029 | D:2      | Noticed Terence
  1046 | D:2      | Killed Terence
  1046 | D:2      | Reached XP level 3. HP: 19/19 MP: 3/11
  1314 | D:2      | Learned a level 3 spell: Mephitic Cloud
  1318 | D:2      | Learned a level 3 spell: Conjure Flame
  1914 | D:3      | Reached XP level 4. HP: 24/24 MP: 2/13
  2188 | D:3      | Noticed junkhipster's ghost (amateur DsGl)
  2479 | D:3      | Noticed Jessica
  2519 | D:3      | Killed Jessica
  2519 | D:3      | Reached skill level 6 in Spellcasting
  2768 | D:3      | Noticed an ogre
  2784 | D:3      | Killed an ogre
  2784 | D:3      | Reached XP level 5. HP: 28/28 MP: 7/15
  3036 | D:3      | Killed junkhipster's ghost
  3036 | D:3      | Reached skill level 7 in Spellcasting
  3451 | D:4      | Reached XP level 6. HP: 25/32 MP: 12/18
  3613 | D:4      | Found a staircase to the Ecumenical Temple.
  3623 | Temple   | Entered the Ecumenical Temple
  3632 | Temple   | Became a worshipper of Sif Muna the Loreminder
  4207 | D:4      | Found a shimmering altar of Xom.
  4273 | D:5      | Entered Level 5 of the Dungeon
  4329 | D:5      | Reached skill level 8 in Spellcasting
  4637 | D:5      | Reached XP level 7. HP: 36/36 MP: 14/20
  5259 | D:5      | Reached * piety under Sif Muna
  5418 | D:5      | Reached skill level 9 in Spellcasting
  5641 | D:5      | Reached skill level 5 in Summonings
  5971 | D:6      | Learned a level 2 spell: Repel Missiles
  6615 | D:6      | Reached XP level 8. HP: 41/41 MP: 18/23
  6706 | D:6      | Reached ** piety under Sif Muna
  7316 | D:7      | Learned a level 4 spell: Summon Lightning Spire
  7321 | D:7      | Learned a level 4 spell: Summon Ice Beast
  7344 | D:7      | Reached skill level 10 in Spellcasting
  8405 | D:8      | Reached *** piety under Sif Muna
  8405 | D:8      | Reached skill level 11 in Spellcasting
  8405 | D:8      | Reached skill level 5 in Conjurations
  8818 | D:8      | Found an oddly glowing altar of Pakellas.
  9263 | D:8      | Learned a level 3 spell: Summon Guardian Golem
  9266 | D:8      | Learned a level 2 spell: Slow
  9521 | D:9      | Reached XP level 9. HP: 45/45 MP: 15/26
  9555 | D:9      | Found a basalt altar of Yredelemnul.
  9607 | D:9      | Found a sacrificial altar of Ru.
  9677 | D:9      | Found a blossoming altar of Fedhas.
  9889 | D:9      | Noticed Psyche
  9918 | D:9      | Killed Psyche
 10705 | D:10     | Entered Level 10 of the Dungeon
 10794 | D:10     | Noticed a hill giant
 10802 | D:10     | Killed a hill giant
 10802 | D:10     | Reached **** piety under Sif Muna
 10802 | D:10     | Reached skill level 12 in Spellcasting
 11153 | D:10     | Noticed a hill giant
 11164 | D:10     | Killed a hill giant
 11304 | D:10     | Noticed a hill giant
 11311 | D:10     | Killed a hill giant
 11311 | D:10     | Reached ***** piety under Sif Muna
 11500 | D:10     | Found a staircase to the Orcish Mines.
 11600 | D:10     | Noticed a hill giant
 11606 | D:10     | Killed a hill giant
 11606 | D:10     | Reached XP level 10. HP: 50/50 MP: 16/28
 11651 | D:10     | Reached skill level 13 in Spellcasting
 11983 | Orc:1    | Entered Level 1 of the Orcish Mines
 12040 | Orc:2    | Entered Level 2 of the Orcish Mines
 12040 | Orc:2    | Found a staircase to the Elven Halls.
 12060 | Orc:2    | Found a frozen archway.
 12067 | Orc:2    | Noticed an orc sorcerer
 12069 | IceCv    | Entered an ice cave
 12227 | IceCv    | Noticed an ice statue
 12227 | IceCv    | Noticed an ice statue
 12430 | IceCv    | Noticed an ice dragon
 12431 | IceCv    | Noticed an ice dragon
 12492 | IceCv    | Killed from afar by an ice dragon

Skill      XL: |  1  2  3  4  5  6  7  8  9 10 |
---------------+-------------------------------+-----
Spellcasting   | 5 6 7 8 9 11 12 13 | 13.4
Dodging        | 3 4 |  4.8
Summonings     | 2 3 4 5 6 8 9 |  9.1
Conjurations   | 2 3 5 6 7 |  7.2
Stealth        | |  2.4
Translocations | |  1.1
Air Magic      | |  0.6

Action                   |  1- 3 |  4- 6 |  7- 9 | 10-12 || total
-------------------------+-------+-------+-------+-------++-------
Melee: Short sword       |     3 |     6 |       |       ||     9
       Dagger            |       |       |    54 |     5 ||    59
 Cast: Magic Dart        |    60 |    62 |   105 |    13 ||   240
       Call Imp          |    19 |    50 |    40 |       ||   109
       Conjure Flame     |       |     6 |     3 |       ||     9
       Mephitic Cloud    |       |     6 |    32 |     1 ||    39
       Blink             |       |     5 |     4 |     7 ||    16
       Repel Missiles    |       |       |     3 |       ||     3
       Summon Ice Beast  |       |       |    48 |    17 ||    65
       Summon Lightning  |       |       |    40 |    16 ||    56
       Summon Guardian G |       |       |     1 |     1 ||     2
  Use: Scroll            |     9 |     5 |    10 |       ||    24
       Potion            |     6 |       |     1 |     1 ||     8
  Eat: Chunk             |     4 |     8 |    17 |     1 ||    30
       Bread ration      |       |       |     1 |       ||     1
Armor: Robe              |     2 |    10 |    20 |     2 ||    34
Dodge: Dodged            |    13 |    17 |    51 |     7 ||    88
       Deflected         |       |       |     3 |       ||     3
